AoeStats
← Honorius

MegaRandom

507938125Analyzed
4v4 RM · 11d ago on Sep 20, 2026· 26m 12s· 8 players
Game mode
Random Map
Map size
Large (8 player)
Population
200
Speed
Normal
Resources
Standard
Victory
Conquest
Starting age
Dark Age
Ending age
Imperial Age
RankedLock teamsTeams togetherTeam positionsShared explorationLock speedFull tech treeHidden civsTurbo modeCheats
Victory
Defeat
🇹🇷 Khmer · Türkiye
827
+14
🇬🇧 Khmer · United Kingdom
769
+16
🇬🇧 Gurjaras · United Kingdom
740
+18
🇭🇺 Hindustanis · Hungary
718
+29
🇮🇳 Saracens · India
904
-22
🇸🇬 Huns · Singapore
766
-16
🇹🇷 Vietnamese · Türkiye
760
-16
🇹🇷 Turks · Türkiye
672
-12
Tipu Sultan
0:28 Loom
11:53 Feudal Age
12:59 Horse Collar
13:21 Double-Bit Axe
14:43 Fishing Lines
16:16 Town Watch
17:28 Gold Mining
17:29 Stone Mining
20:07 Wheelbarrow
20:00 Bloodlines
24:46 Castle Age
26:01 Bow Saw
Honorius
6:05 Loom
13:27 Feudal Age
15:32 Double-Bit Axe
21:39 Castle Age
19:33 Stone Mining
22:11 Bloodlines
23:56 Bow Saw
23:28 Horse Collar
24:57 Scale Barding Armor
25:03 Forging
colon
9:06 Loom
13:45 Feudal Age
15:16 Man-at-Arms
15:44 Arson
18:23 Forging
19:17 Scale Mail Armor
26:58 Castle Age
25:57 Gold Mining
25:56 Double-Bit Axe
zakor
12:39 Feudal Age
13:17 Double-Bit Axe
13:14 Horse Collar
21:15 Castle Age
21:11 Scale Barding Armor
21:18 Forging
22:39 Bloodlines
22:30 Husbandry
23:20 Fishing Lines
25:14 Chain Barding Armor
26:40 Iron Casting
BLYAAAT
11:41 Feudal Age
22:27 Castle Age
Soldaris
2:00 Loom
10:44 Feudal Age
11:16 Double-Bit Axe
12:09 Wheelbarrow
16:08 Gold Mining
20:08 Castle Age
18:15 Stone Mining
20:13 Fletching
21:06 Bow Saw
20:39 Horse Collar
21:18 Hand Cart
22:48 Gold Shaft Mining
23:27 Bodkin Arrow
oguayd
12:40 Feudal Age
10:56 Loom
13:59 Wheelbarrow
15:38 Double-Bit Axe
15:50 Horse Collar
17:33 Gold Mining
17:34 Stone Mining
24:52 Castle Age
26:10 Gold Shaft Mining
25:49 Bow Saw
25:43 Heavy Plow
ozgurulas90
15:15 Feudal Age
16:17 Double-Bit Axe
16:18 Fishing Lines
21:59 Castle Age
21:30 Padded Archer Armor
21:21 Fletching
22:20 Crossbowman
23:06 Thumb Ring
Connection lost

Rejoining the realm…

Still unreachable

The connection could not be restored.

Session expired

The server has moved on; the page needs a fresh start.